 Dungeon Crawl Stone Soup version 0.18-a0-1797-gc18daef (webtiles) character file.

258 dobroeutro the Skirmisher (level 6, 0/39 HPs)
             Began as a Gargoyle Fighter on Apr 22, 2016.
             Slain by Sigmund
             ... wielding a +0 scythe of freezing
              (1 damage)
             ... on level 4 of the Dungeon.
             The game lasted 00:04:54 (2188 turns).

dobroeutro the Skirmisher (Gargoyle Fighter)        Turns: 2188, Time: 00:04:54

Health: 0/39       AC: 15    Str: 22    XL:     6   Next: 16%
Magic:  6/6        EV:  5    Int:  8    God:
Gold:   66         SH: 14    Dex:  9    Spells: 0 memorised, 5 levels left

rFire  . . .     SeeInvis .     a - +0 flail
rCold  . . .     Gourm    .     b - +0 scale mail
rNeg   + . .     Faith    .     p - +0 large shield (curse)
rPois  ∞         Spirit   .     k - +0 helmet
rElec  +         Dismiss  .     (no cloak)
rCorr  .         Reflect  .     (no gloves)
SustAt .         Harm     .     (no boots)
MR     .....                    (no amulet)
Stlth  ..........               (no ring)
                                n - +3 ring of protection

@: not resistant to hostile enchantments, extremely unstealthy
A: negative energy resistance 1, electricity resistance, unbreathing,
petrification resistance, rot immunity, AC +4
a: no special abilities


You were on level 4 of the Dungeon.
You were not hungry.

You visited 1 branch of the dungeon, and saw 4 of its levels.

You collected 115 gold pieces.
You spent 49 gold pieces at shops.

Inventory:

Hand Weapons
 a - a +0 flail (weapon)
Armour
 b - a +0 scale mail (worn)
 k - a +0 helmet (worn)
 p - a cursed +0 large shield (worn)
Jewellery
 n - a +3 ring of protection (left hand)
Scrolls
 h - 2 scrolls of identify
 l - a scroll of remove curse
 m - a scroll of immolation
Potions
 d - a potion of might
 e - a potion of curing
 i - a potion of cancellation
 j - a potion of ambrosia
 o - a potion of haste
Comestibles
 c - 3 chunks of flesh
 f - 3 bread rations
 g - 6 fruits
 q - a meat ration


   Skills:
 + Level 4.6 Fighting
 + Level 3.5 Maces & Flails
 + Level 4.6 Armour
 + Level 4.5 Shields


You had 5 spell levels left.
You didn't know any spells.

Dungeon Overview and Level Annotations

Branches:
Dungeon (4/15)
 Temple: D:4-7

Altars:
Ru

Shops:
D:4 [

Annotations:
D:4 Sigmund


Innate Abilities, Weirdness & Mutations

You are resistant to torment.
Your stone body is resilient (AC +4).
You are immune to poison.
You resist negative energy.
You are resistant to electric shocks.
You can survive without breathing.
You are immune to petrification.
You are immune to rotting.


Message History

A magic dart appears from out of thin air!
The magic dart hits you! Something hits you but does no damage.
You closely miss something. You closely miss something. Something hits you.
* * * LOW HITPOINT WARNING * * *
Something freezes you.
* * * LOW HITPOINT WARNING * * *
Your shield and scale mail prevent you from hitting something.
Something hits you but does no damage.
You miss something. Something hits you.
* * * LOW HITPOINT WARNING * * *
Something freezes you.
* * * LOW HITPOINT WARNING * * *
You miss something. Something hits you but does no damage.
Your shield prevents you from hitting something.
Something hits you but does no damage.
You closely miss something. Something hits you.
* * * LOW HITPOINT WARNING * * *
Something freezes you.
You die...

###############
..............#
.#...#)/.#...### .#
....)..........# ..#
...#{@.#...#.####..###
...............##......
####################.##.#..#
#...............#..........#
#.###.##........####.......#
#.#
#.###...............####..
####.#
#.##........#####.........
.....# #.##........#
#...###### ######
#...........# #...#


There were no monsters in sight!

Vanquished Creatures
  A phantom (D:4)
  A hound (D:3)
  4 adders
  An ooze (D:1)
  4 worms
  3 dart slugs
  3 giant geckos
  5 orcs (D:3)
  2 ball pythons
  4 giant cockroaches
  4 goblins
  6 hobgoblins
  8 jackals
  13 kobolds
  2 quokkas (D:2)
  4 bats
  3 giant newts
  10 rats
78 creatures vanquished.

Notes
Turn   | Place    | Note
--------------------------------------------------------------
     0 | D:1      | dobroeutro the Gargoyle Fighter began the quest for the Orb.
     0 | D:1      | Reached XP level 1. HP: 14/14 MP: 1/1
    76 | D:1      | Reached XP level 2. HP: 17/19 MP: 2/2
   357 | D:1      | Reached XP level 3. HP: 23/24 MP: 3/3
  1040 | D:2      | Reached XP level 4. HP: 15/29 MP: 4/4
  1659 | D:3      | Reached XP level 5. HP: 27/33 MP: 5/5
  1879 | D:4      | Noticed a phantom
  1933 | D:4      | Killed a phantom
  1933 | D:4      | Reached XP level 6. HP: 25/39 MP: 6/6
  1984 | D:4      | Found Cydich's Armour Shop.
  1993 | D:4      | Bought a cursed +0 large shield for 49 gold pieces
  2007 | D:4      | Found a sacrificial altar of Ru.
  2163 | D:4      | Noticed Sigmund
  2185 | D:4      | HP: 1/39 [something (2)]
  2188 | D:4      | Slain by Sigmund

Vault maps used:
D:1:      wheals_arrival_shading, grunt_decor_mini_mirrors
D:2:      grunt_ministairs_3
D:4:      lemuel_crystal_altar, lemuel_coloured_pillars_altar, serial_shops,
          nicolae_shop_temple_entry_statues_fountains, nicolae_ru_awakened_eye,
          uniq_pikel, uniq_sigmund, uniq_grinder, uniq_natasha

Skill      XL: |  1  2  3  4 |
---------------+-------------+-----
Armour         | 4 |  4.6
Fighting       | 4 |  4.6
Maces & Flails | 3 |  3.5
Shields        | 4 |  4.5

Action                   |  1- 3 |  4- 6 || total
-------------------------+-------+-------++-------
Melee: Flail             |   129 |   154 ||   283
       Quarterstaff      |    14 |    81 ||    95
  Use: Scroll            |     4 |     5 ||     9
  Eat: Chunk             |     1 |     4 ||     5
Armor: Scale mail        |    96 |   172 ||   268
Dodge: Dodged            |    51 |    81 ||   132
Block: Shield            |    72 |    65 ||   137
       Large shield      |       |    52 ||    52
